 Dungeon Crawl Stone Soup version 0.29.0-4-gdea44cf6ec (webtiles) character file.

Game seed: 1367871149410985362

15585 qw the Brawler (level 12, 0/118 HPs)
             Began as a Troll Cinder Acolyte on Aug 30, 2022.
             Was an Initiate of Ignis.
             Slain by Sonja
             ... wielding a +2 dagger of distortion
              (14 damage)
             ... on level 3 of the Lair of Beasts.
             The game lasted 00:05:24 (9490 turns).

qw the Brawler (Troll Cinder Acolyte)               Turns: 9490, Time: 00:05:26

Health: 0/118      AC:  8    Str: 29    XL:     12   Next: 2%
Magic:  12/12      EV:  9    Int: 10    God:    Ignis [......]
Gold:   281        SH:  0    Dex:  5    Spells: 13/13 levels left

rFire   + + .      SeeInvis +     - Unarmed
rCold   + + .      Faith    .   (no shield)
rNeg    . . .      Spirit   .   c - +4 skin of Zhor {*Englaciate rC+++ SInv}
rPois   .          Reflect  .   (helmet restricted)
rElec   .          Harm     .   (no cloak)
rCorr   .          Rampage  .   (gloves unavailable)
Will    .....                   (boots unavailable)
Stlth   +.........              (no amulet)
HPRegen 1.09/turn               d - ring of fire
MPRegen 0.13/turn               (no ring)

@: slowed, very slow
A: large, unfitting armour, claws 3, regeneration 1, shaggy fur 1, tough skin 1
a: Renounce Religion, Rising Flame


You were on level 3 of the Lair of Beasts.
You worshipped Ignis.
Ignis was noncommittal.
You visited 2 branches of the dungeon, and saw 13 of its levels.
You also visited: Sewer.

You collected 641 gold pieces.
You spent 360 gold pieces at shops.


Innate Abilities, Weirdness & Mutations

You are too large for most types of armour.
You have claws for hands.
Your natural rate of healing is unusually fast.
You are covered in fur. (AC +1)
You have tough skin. (AC +1)


   Skills:
 - Level 7.2 Fighting
 - Level 6.5 Throwing
 - Level 2.0 Dodging
 + Level 16.2 Unarmed Combat
 - Level 1.0 Spellcasting
 - Level 2.1 Fire Magic


You had 13 spell levels left.
You didn't know any spells.
Your spell library contained the following spells:

 Spells                   Type           Power      Damage    Failure   Level
 Scorch                   Fire           14%        2d5       22%         2

Inventory:

Missiles
 f - 2 boomerangs (quivered)
Armour
 c - the +4 skin of Zhor (worn) {*Englaciate rC+++ SInv}
   (You acquired it on level 2 of the Lair of Beasts)

   It radiates cold, occasionally slowing all nearby creatures who are not
   resistant to cold.
   rC:        It renders you almost immune to cold.
   SInv:      It lets you see invisible.
 m - the +1 robe of the Quahog {Fly Regen+ Stlth+}
   (You found it on level 6 of the Dungeon)

   Fly:       It grants you flight.
   Regen:     It increases your rate of health regeneration.
   Stlth:     It makes you more stealthy.
Jewellery
 d - a ring of fire (left claw)
 l - a ring of fire
Scrolls
 a - 2 scrolls of enchant armour
 g - 7 scrolls of identify
 r - a scroll of enchant weapon
Potions
 b - 5 potions of might
 e - 5 potions of mutation
 h - 2 potions of haste
 j - 2 potions of cancellation
 k - 3 potions of curing
 p - a potion of resistance

Dungeon Overview and Level Annotations

Branches:
Dungeon (10/15)            Temple (0/1) D:6            Lair (3/5) D:9
 Shoals (0/4) Lair:2       Spider (0/4) Lair:2          Orc (0/2) D:10
  Sewer (visited)

Altars:
Cheibriados
Uskayaw
Zin
The Shining One

Shops:
D:6 !

Annotations:
D:6 2 transporters, 1 runed translucent door, Crazy Yiuf
Lair:3 Sonja


Message History

You feel sick.
The wolf bites you. x2; The wolf bites you but does no damage.
You barely miss Sonja.
You radiate an aura of cold.
Sonja seems to slow down.
The wolf seems to slow down. x2; You feel sick.
The wolf barely misses you.
Sonja hits you with a +2 dagger of distortion.
Space warps horribly around you.
Sonja hits you with a +2 dagger of distortion.
Space warps around you. Sonja hits you but does no damage.
You blink.
Found 2 scrolls of identify.
Enter note: Throw: 2 boomerangs
Press: ? - help, Q - select action Shift-Dir - straight line, f/p - Sonja You throw a boomerang.
The boomerang hits the wolf!
The wolf is severely wounded.
You feel sick.
Sonja mumbles some strange words.
Sonja blinks!
You mangle Sonja!!
Sonja is heavily wounded.
You feel sick.
Sonja hits you with a +2 dagger of distortion.
Space warps horribly around you!
Sonja hits you with a +2 dagger of distortion.
Space warps horribly around you! Sonja closely misses you.
You completely miss the wolf.
The wolf is severely wounded.
You feel sick.
You are no longer poisoned.
Sonja is no longer moving slowly.
The wolf barely misses you. Sonja closely misses you.
Sonja hits you with a +2 dagger of distortion.
Space warps around you.
Sonja hits you with a +2 dagger of distortion.
Space warps horribly around you!
You eviscerate the wolf!!!
You kill the wolf!
The wolf closely misses you.
Sonja hits you with a +2 dagger of distortion.
Space warps horribly around you!
You die...

...... ............###
.. ..............# ...
..............#######...
....^.!..........#.#....
.............%..........
......$.........%.......
........%...............
.......@h.......<......P
......K.................
..............?.........
........................
........................
...................P....
..............(.(..#PPP.
..?............#######..


You could see Sonja and a wolf (slow).

Vanquished Creatures
  A hydra (Lair:2)
  2 merfolk sirens (Lair:2)
  4 cane toads
  A rime drake (Lair:3)
  An efreet (D:10)
  3 komodo dragons (Lair:2)
  A troll (D:9)
  2 merfolk (Lair:2)
  2 polar bears
  5 blink frogs (Lair:1)
  Sigmund (D:2)
  2 wyverns
  33 yaks
  A basilisk (Lair:1)
  A steam dragon (D:8)
  3 wargs
  An acid dragon (D:9)
  3 water moccasins
  4 orc warriors
  2 ice beasts (D:6)
  2 black bears
  A sky beast (D:7)
  An ogre (D:4)
  8 wolves
  3 centaurs
  4 phantoms
  A kobold brigand (D:7)
  4 bullfrogs
  2 scorpions (D:5)
  A necrophage (D:6)
  A water moccasin zombie (D:5)
  3 howler monkeys (D:7)
  A centaur zombie (D:5)
  A hound (D:5)
  3 gnoll boudas
  7 orc priests
  A bullfrog skeleton (D:5)
  2 jellies
  A hell rat (Sewer)
  2 iguanas
  4 orc wizards
  Terence (D:2)
  A hound skeleton (D:5)
  A howler monkey zombie (D:5)
  25 gnolls
  A howler monkey skeleton (D:5)
  4 adders
  2 river rats (Sewer)
  A white imp (D:5)
  A worm (D:3)
  2 dart slugs
  25 orcs
  7 endoplasms
  6 giant cockroaches
  4 goblins
  14 hobgoblins
  14 kobolds
  6 quokkas
  6 ball pythons
  7 bats
  A frilled lizard (D:1)
  18 rats
273 creatures vanquished.

Vanquished Creatures (others)
  6 fungi
  5 plants
11 creatures vanquished.

Grand Total: 284 creatures vanquished

Notes
Turn   | Place    | Note
-------+----------+-------------------------------------------
     0 | D:1      | qw the Troll Cinder Acolyte began the quest for the Orb.
     0 | D:1      | Reached XP level 1. HP: 22/22 MP: 1/1
     0 | D:1      | 0 ||| qw: Version: 0.1-a-95-gae9e614
     0 | D:1      | 0 ||| qw: Game counter: 4365
     0 | D:1      | 0 ||| qw: Always use a shield: true
     0 | D:1      | 0 ||| qw: God list: Okawaru
     0 | D:1      | 0 ||| qw: Allow faded altars: false
     0 | D:1      | 0 ||| qw: Do Orc after D:15 true
     0 | D:1      | 0 ||| qw: Do second Lair branch before Depths: true
     0 | D:1      | 0 ||| qw: Lair rune preference: random
     0 | D:1      | 0 ||| qw: Plans: Normal
     0 | D:1      | 0 ||| PLANNING D:1-11
    99 | D:1      | Found a faded altar of an unknown god.
   102 | D:1      | 102 ||| Stepping ~*~*~tactically~*~*~ (stealth).
   103 | D:1      | 103 ||| Stepping ~*~*~tactically~*~*~ (stealth).
   104 | D:1      | 104 ||| Stepping ~*~*~tactically~*~*~ (stealth).
   121 | D:1      | Reached XP level 2. HP: 29/29 MP: 2/2
   200 | D:1      | 200 ||| Stepping ~*~*~tactically~*~*~ (stealth).
   323 | D:1      | Reached skill level 4 in Unarmed Combat
   339 | D:1      | 339 ||| Stepping ~*~*~tactically~*~*~ (stealth).
   485 | D:1      | Reached XP level 3. HP: 36/36 MP: 3/3
   490 | D:1      | 490 ||| READING 4 scrolls labelled RATASOI HIWOT.
   491 | D:1      | 491 ||| READING scroll labelled UVOMEQ ZUQOGUM.
   492 | D:1      | 492 ||| DRINKING 2 glowing blue potions.
   493 | D:1      | 493 ||| DRINKING 2 gluggy blue potions.
   526 | D:1      | 526 ||| READING 3 scrolls of identify.
   526 | D:1      | 526 ||| IDENTIFYING black potion
   527 | D:1      | 527 ||| DROPPING potion of lignification.
   593 | D:2      | 593 ||| Stepping ~*~*~tactically~*~*~ (hiding).
   600 | D:2      | 600 ||| Stepping ~*~*~tactically~*~*~ (stealth).
   638 | D:2      | Reached skill level 1 in Throwing
   660 | D:2      | 660 ||| Stepping ~*~*~tactically~*~*~ (outnumbered).
   661 | D:2      | 661 ||| Stepping ~*~*~tactically~*~*~ (outnumbered).
   662 | D:2      | 662 ||| Stepping ~*~*~tactically~*~*~ (outnumbered).
   663 | D:2      | 663 ||| Stepping ~*~*~tactically~*~*~ (outnumbered).
   664 | D:2      | 664 ||| Stepping ~*~*~tactically~*~*~ (outnumbered).
   665 | D:2      | 665 ||| Stepping ~*~*~tactically~*~*~ (outnumbered).
   666 | D:2      | 666 ||| Stepping ~*~*~tactically~*~*~ (outnumbered).
   667 | D:2      | 667 ||| Stepping ~*~*~tactically~*~*~ (outnumbered).
   828 | D:2      | Noticed Sigmund
   836 | D:2      | 836 ||| DRINKING potion of curing.
   836 | D:2      | 836 ||| (to cure confusion)
   837 | D:2      | Killed Sigmund
   838 | D:2      | Reached skill level 6 in Unarmed Combat
   838 | D:2      | Reached XP level 4. HP: 40/44 MP: 4/4
   838 | D:2      | Reached XP level 5. HP: 46/50 MP: 5/5
  1098 | D:2      | Noticed Terence
  1102 | D:2      | Killed Terence
  1430 | D:2      | 1430 ||| READING scroll labelled OCUNEE IMUU.
  1431 | D:2      | 1431 ||| READING scroll labelled XAAMEDIGAG.
  1432 | D:2      | 1432 ||| READING scroll labelled NIAKHI DAWO.
  1433 | D:2      | 1433 ||| READING 2 scrolls of identify.
  1433 | D:2      | 1433 ||| IDENTIFYING grey potion
  1448 | D:3      | 1448 ||| PLANNING SEWER
  1498 | D:3      | 1498 ||| Stepping ~*~*~tactically~*~*~ (stealth).
  1508 | D:3      | Found a glowing drain.
  1509 | D:3      | 1509 ||| READING scroll labelled FEGATWI KECUJ.
  1519 | D:3      | 1519 ||| READING 2 scrolls of identify.
  1519 | D:3      | 1519 ||| IDENTIFYING puce potion
  1547 | D:3      | Reached XP level 6. HP: 59/59 MP: 6/6
  1569 | D:3      | 1569 ||| READING scroll labelled HEDIDU POJEO.
  1752 | D:3      | 1752 ||| Stepping ~*~*~tactically~*~*~ (stealth).
  1753 | D:3      | 1753 ||| Stepping ~*~*~tactically~*~*~ (stealth).
  1754 | D:3      | 1754 ||| READING scroll labelled BOUTOLO HIYPHEARR.
  1755 | D:3      | 1755 ||| Stepping ~*~*~tactically~*~*~ (stealth).
  1756 | D:3      | 1756 ||| READING 3 scrolls of identify.
  1756 | D:3      | 1756 ||| IDENTIFYING bubbling white potion
  1757 | D:3      | 1757 ||| Stepping ~*~*~tactically~*~*~ (stealth).
  1758 | D:3      | 1758 ||| Stepping ~*~*~tactically~*~*~ (stealth).
  1759 | D:3      | 1759 ||| DROPPING potion of ambrosia.
  1767 | Sewer    | Entered a sewer
  1777 | Sewer    | 1777 ||| Stepping ~*~*~tactically~*~*~ (outnumbered).
  1778 | Sewer    | 1778 ||| Stepping ~*~*~tactically~*~*~ (outnumbered).
  1875 | Sewer    | 1875 ||| READING 3 scrolls of identify.
  1875 | Sewer    | 1875 ||| IDENTIFYING orange potion
  1876 | Sewer    | 1876 ||| DROPPING potion of degeneration.
  1884 | D:3      | 1884 ||| PLANNING D:1-11
  1898 | D:3      | 1898 ||| Stepping ~*~*~tactically~*~*~ (stealth).
  1953 | D:3      | Reached skill level 7 in Unarmed Combat
  2114 | D:3      | Found a glowing golden altar of the Shining One.
  2180 | D:4      | 2180 ||| Stepping ~*~*~tactically~*~*~ (stealth).
  2181 | D:4      | 2181 ||| Stepping ~*~*~tactically~*~*~ (stealth).
  2186 | D:4      | 2186 ||| INVOKING Fiery Armour.
  2188 | D:4      | HP: 7/59 [ogre/+0 giant club (12)]
  2189 | D:4      | 2189 ||| FLEEEEING.
  2191 | D:4      | 2191 ||| STAIRDANCE
  2291 | D:4      | Found a glowing silver altar of Zin.
  2409 | D:4      | 2409 ||| Stepping ~*~*~tactically~*~*~ (hiding).
  2562 | D:4      | 2562 ||| Stepping ~*~*~tactically~*~*~ (stealth).
  2566 | D:4      | Reached skill level 8 in Unarmed Combat
  2566 | D:4      | Reached XP level 7. HP: 58/66 MP: 7/7
  2577 | D:4      | 2577 ||| INVOKING Fiery Armour.
  2628 | D:4      | 2628 ||| Stepping ~*~*~tactically~*~*~ (hiding).
  2630 | D:4      | 2630 ||| Stepping ~*~*~tactically~*~*~ (hiding).
  2761 | D:4      | 2761 ||| Stepping ~*~*~tactically~*~*~ (stealth).
  2762 | D:4      | 2762 ||| Stepping ~*~*~tactically~*~*~ (stealth).
  2789 | D:4      | Reached skill level 3 in Fighting
  2880 | D:4      | Identified the +7 hand axe "Ogrebane" {vorpal, rF- rN+
                  | Str+3 SInv}
  2887 | D:4      | 2887 ||| Stepping ~*~*~tactically~*~*~ (outnumbered).
  2888 | D:4      | 2888 ||| Stepping ~*~*~tactically~*~*~ (outnumbered).
  2889 | D:4      | 2889 ||| Stepping ~*~*~tactically~*~*~ (outnumbered).
  2890 | D:4      | 2890 ||| Stepping ~*~*~tactically~*~*~ (outnumbered).
  2891 | D:4      | 2891 ||| Stepping ~*~*~tactically~*~*~ (outnumbered).
  2892 | D:4      | 2892 ||| Stepping ~*~*~tactically~*~*~ (outnumbered).
  2893 | D:4      | 2893 ||| Stepping ~*~*~tactically~*~*~ (outnumbered).
  2894 | D:4      | 2894 ||| Stepping ~*~*~tactically~*~*~ (outnumbered).
  2895 | D:4      | 2895 ||| Stepping ~*~*~tactically~*~*~ (outnumbered).
  2896 | D:4      | 2896 ||| Stepping ~*~*~tactically~*~*~ (outnumbered).
  2897 | D:4      | 2897 ||| Stepping ~*~*~tactically~*~*~ (outnumbered).
  2898 | D:4      | 2898 ||| Stepping ~*~*~tactically~*~*~ (outnumbered).
  3393 | D:4      | 3393 ||| READING scroll labelled GYRGHEN BUOH.
  3394 | D:4      | 3394 ||| READING 4 scrolls of identify.
  3394 | D:4      | 3394 ||| IDENTIFYING smoky grey potion
  3395 | D:4      | 3395 ||| READING 3 scrolls of identify.
  3395 | D:4      | 3395 ||| IDENTIFYING red potion
  3396 | D:4      | 3396 ||| DROPPING potion of magic.
  3397 | D:4      | 3397 ||| READING scroll of teleportation.
  3405 | D:5      | Entered Level 5 of the Dungeon
  3433 | D:5      | 3433 ||| Stepping ~*~*~tactically~*~*~ (hiding).
  3434 | D:5      | 3434 ||| Stepping ~*~*~tactically~*~*~ (hiding).
  3446 | D:5      | 3446 ||| Stepping ~*~*~tactically~*~*~ (stealth).
  3449 | D:5      | 3449 ||| Stepping ~*~*~tactically~*~*~ (hiding).
  3465 | D:5      | 3465 ||| Stepping ~*~*~tactically~*~*~ (stealth).
  3495 | D:5      | 3495 ||| Stepping ~*~*~tactically~*~*~ (stealth).
  3589 | D:5      | 3589 ||| Stepping ~*~*~tactically~*~*~ (hiding).
  3625 | D:5      | 3625 ||| Stepping ~*~*~tactically~*~*~ (hiding).
  3626 | D:5      | 3626 ||| Stepping ~*~*~tactically~*~*~ (hiding).
  3633 | D:5      | Reached skill level 9 in Unarmed Combat
  3639 | D:5      | 3639 ||| Stepping ~*~*~tactically~*~*~ (outnumbered).
  3646 | D:5      | 3646 ||| INVOKING Fiery Armour.
  3652 | D:5      | Reached XP level 8. HP: 35/75 MP: 8/8
  3749 | D:5      | Found a snail-covered altar of Cheibriados.
  3762 | D:5      | Found a hide-covered altar of Uskayaw.
  3801 | D:5      | Reached skill level 1 in Dodging
  3894 | D:5      | 3894 ||| Stepping ~*~*~tactically~*~*~ (stealth).
  3984 | D:5      | Reached skill level 3 in Throwing
  4456 | D:5      | 4456 ||| READING 2 scrolls labelled VUSEORHIEDD.
  4457 | D:5      | 4457 ||| DROPPING scroll of amnesia.
  4542 | D:6      | Found a staircase to the Ecumenical Temple.
  4640 | D:6      | Found Suiheciwk's Distillery.
  4646 | D:6      | 4646 ||| BUYING 2 potions of curing (72 gold).
  4646 | D:6      | Bought 2 potions of curing for 72 gold pieces
  4646 | D:6      | 4646 ||| BUYING 2 potions of mutation (192 gold).
  4646 | D:6      | Bought 2 potions of mutation for 192 gold pieces
  4646 | D:6      | 4646 ||| BUYING potion of cancellation (96 gold).
  4646 | D:6      | Bought a potion of cancellation for 96 gold pieces
  4646 | D:6      | 4646 ||| SHOPLISTING potion of haste (120 gold, have 2).
  4682 | D:6      | Noticed a kobold demonologist
  4688 | D:6      | Found a transporter.
  4692 | D:6      | Found a transporter.
  4703 | D:6      | Noticed an orc sorcerer
  4726 | D:6      | Identified the +1 robe of the Quahog {Fly Regen+ Stlth+}
  4738 | D:6      | Reached skill level 10 in Unarmed Combat
  4742 | D:6      | 4742 ||| Stepping ~*~*~tactically~*~*~ (hiding).
  4747 | D:6      | 4747 ||| Stepping ~*~*~tactically~*~*~ (outnumbered).
  4754 | D:6      | 4754 ||| Stepping ~*~*~tactically~*~*~ (outnumbered).
  4756 | D:6      | 4756 ||| Stepping ~*~*~tactically~*~*~ (outnumbered).
  4758 | D:6      | 4758 ||| INVOKING Fiery Armour.
  4761 | D:6      | 4761 ||| Stepping ~*~*~tactically~*~*~ (outnumbered).
  4765 | D:6      | HP: 14/75 [ice beast (6)]
  4766 | D:6      | 4766 ||| READING scroll of teleportation.
  4767 | D:6      | 4767 ||| DRINKING 4 potions of heal wounds.
  4821 | D:6      | 4821 ||| Stepping ~*~*~tactically~*~*~ (stealth).
  4918 | D:6      | 4918 ||| Stepping ~*~*~tactically~*~*~ (stealth).
  4920 | D:6      | 4920 ||| Stepping ~*~*~tactically~*~*~ (hiding).
  5066 | D:6      | Found a runed translucent door.
  5067 | D:6      | Noticed Crazy Yiuf
  5130 | D:6      | 5130 ||| UPGRADING to +1 robe of the Quahog {Fly Regen+
                  | Stlth+}.
  5140 | D:6      | 5140 ||| DROPPING +0 robe.
  5141 | D:6      | 5141 ||| DROPPING scarf of shadows.
  5142 | D:6      | 5142 ||| READING 4 scrolls of identify.
  5142 | D:6      | 5142 ||| IDENTIFYING fizzy black potion
  5143 | D:6      | 5143 ||| DROPPING potion of flight.
  5196 | D:7      | 5196 ||| Stepping ~*~*~tactically~*~*~ (stealth).
  5198 | D:7      | 5198 ||| Stepping ~*~*~tactically~*~*~ (hiding).
  5340 | D:7      | 5340 ||| Stepping ~*~*~tactically~*~*~ (outnumbered).
  5341 | D:7      | 5341 ||| Stepping ~*~*~tactically~*~*~ (outnumbered).
  5342 | D:7      | 5342 ||| Stepping ~*~*~tactically~*~*~ (outnumbered).
  5343 | D:7      | 5343 ||| Stepping ~*~*~tactically~*~*~ (outnumbered).
  5344 | D:7      | 5344 ||| Stepping ~*~*~tactically~*~*~ (outnumbered).
  5354 | D:7      | 5354 ||| INVOKING Fiery Armour.
  5425 | D:7      | 5425 ||| Stepping ~*~*~tactically~*~*~ (hiding).
  5527 | D:7      | 5527 ||| Stepping ~*~*~tactically~*~*~ (hiding).
  5537 | D:7      | Reached XP level 9. HP: 67/84 MP: 9/9
  5870 | D:7      | Reached skill level 11 in Unarmed Combat
  5954 | D:7      | You are sucked into a shaft and drop 3 floors!
  5954 | D:10     | Entered Level 10 of the Dungeon
  5957 | D:10     | 5957 ||| Stepping ~*~*~tactically~*~*~ (stealth).
  5959 | D:10     | 5959 ||| Stepping ~*~*~tactically~*~*~ (stealth).
  5960 | D:10     | 5960 ||| Stepping ~*~*~tactically~*~*~ (stealth).
  5961 | D:10     | 5961 ||| Stepping ~*~*~tactically~*~*~ (stealth).
  5962 | D:10     | 5962 ||| Stepping ~*~*~tactically~*~*~ (stealth).
  5963 | D:10     | 5963 ||| Stepping ~*~*~tactically~*~*~ (stealth).
  5964 | D:10     | 5964 ||| Stepping ~*~*~tactically~*~*~ (stealth).
  5965 | D:10     | 5965 ||| Stepping ~*~*~tactically~*~*~ (hiding).
  5967 | D:10     | 5967 ||| INVOKING Fiery Armour.
  5968 | D:10     | 5968 ||| Stepping ~*~*~tactically~*~*~ (hiding).
  5969 | D:10     | 5969 ||| Stepping ~*~*~tactically~*~*~ (outnumbered).
  5970 | D:10     | 5970 ||| Stepping ~*~*~tactically~*~*~ (outnumbered).
  5971 | D:10     | 5971 ||| Stepping ~*~*~tactically~*~*~ (outnumbered).
  5972 | D:10     | 5972 ||| Stepping ~*~*~tactically~*~*~ (outnumbered).
  5973 | D:10     | 5973 ||| Stepping ~*~*~tactically~*~*~ (outnumbered).
  5974 | D:10     | 5974 ||| Stepping ~*~*~tactically~*~*~ (outnumbered).
  5975 | D:10     | 5975 ||| Stepping ~*~*~tactically~*~*~ (outnumbered).
  5976 | D:10     | 5976 ||| Stepping ~*~*~tactically~*~*~ (outnumbered).
  6007 | D:10     | Identified the +8 trident of Ornamental Integrity {drain,
                  | *Noise rElec rN++}
  6030 | D:10     | Found a staircase to the Orcish Mines.
  6064 | D:10     | Noticed an efreet
  6072 | D:10     | 6072 ||| INVOKING Fiery Armour.
  6076 | D:10     | Killed an efreet
  6161 | D:9      | 6161 ||| Stepping ~*~*~tactically~*~*~ (hiding).
  6163 | D:9      | Found a staircase to the Lair.
  6167 | D:9      | Noticed a troll
  6184 | D:9      | 6184 ||| INVOKING Fiery Armour.
  6186 | D:9      | Reached skill level 12 in Unarmed Combat
  6191 | D:9      | 6191 ||| Stepping ~*~*~tactically~*~*~ (outnumbered).
  6193 | D:9      | HP: 13/84 [troll (12)]
  6194 | D:9      | 6194 ||| READING scroll of teleportation.
  6195 | D:9      | 6195 ||| DRINKING 3 potions of heal wounds.
  6195 | D:9      | Killed a troll
  6198 | D:9      | HP: 15/87 [orc priest/divine providence (11)]
  6199 | D:9      | 6199 ||| DRINKING 2 potions of heal wounds.
  6238 | D:9      | 6238 ||| Stepping ~*~*~tactically~*~*~ (stealth).
  6239 | D:9      | 6239 ||| Stepping ~*~*~tactically~*~*~ (stealth).
  6248 | D:9      | 6248 ||| Stepping ~*~*~tactically~*~*~ (stealth).
  6250 | D:9      | 6250 ||| Stepping ~*~*~tactically~*~*~ (stealth).
  6264 | D:9      | Reached XP level 10. HP: 96/96 MP: 10/10
  6282 | D:8      | 6282 ||| Stepping ~*~*~tactically~*~*~ (hiding).
  6391 | D:8      | 6391 ||| Stepping ~*~*~tactically~*~*~ (stealth).
  6979 | D:7      | 6979 ||| PLANNING LAIR
  7055 | D:9      | Reached skill level 13 in Unarmed Combat
  7106 | D:9      | 7106 ||| INVOKING Fiery Armour.
  7207 | D:9      | 7207 ||| Stepping ~*~*~tactically~*~*~ (hiding).
  7423 | Lair:1   | Entered Level 1 of the Lair of Beasts
  7508 | Lair:1   | 7508 ||| Stepping ~*~*~tactically~*~*~ (stealth).
  7509 | Lair:1   | Noticed a cane toad
  7517 | Lair:1   | Reached skill level 14 in Unarmed Combat
  7517 | Lair:1   | Killed a cane toad
  7518 | Lair:1   | 7518 ||| Stepping ~*~*~tactically~*~*~ (outnumbered).
  7519 | Lair:1   | 7519 ||| Stepping ~*~*~tactically~*~*~ (outnumbered).
  7520 | Lair:1   | 7520 ||| Stepping ~*~*~tactically~*~*~ (outnumbered).
  7521 | Lair:1   | 7521 ||| Stepping ~*~*~tactically~*~*~ (outnumbered).
  7522 | Lair:1   | 7522 ||| Stepping ~*~*~tactically~*~*~ (outnumbered).
  7523 | Lair:1   | 7523 ||| Stepping ~*~*~tactically~*~*~ (outnumbered).
  7532 | Lair:1   | 7532 ||| INVOKING Fiery Armour.
  7538 | Lair:1   | Reached skill level 6 in Fighting
  7691 | Lair:1   | 7691 ||| Stepping ~*~*~tactically~*~*~ (stealth).
  7694 | Lair:1   | 7694 ||| Stepping ~*~*~tactically~*~*~ (stealth).
  7696 | Lair:1   | 7696 ||| Stepping ~*~*~tactically~*~*~ (stealth).
  7698 | Lair:1   | Reached skill level 6 in Throwing
  7700 | Lair:1   | 7700 ||| Stepping ~*~*~tactically~*~*~ (stealth).
  7704 | Lair:1   | 7704 ||| INVOKING Fiery Armour.
  7705 | Lair:1   | 7705 ||| Stepping ~*~*~tactically~*~*~ (outnumbered).
  7706 | Lair:1   | 7706 ||| Stepping ~*~*~tactically~*~*~ (outnumbered).
  7707 | Lair:1   | 7707 ||| Stepping ~*~*~tactically~*~*~ (outnumbered).
  7708 | Lair:1   | 7708 ||| Stepping ~*~*~tactically~*~*~ (outnumbered).
  7710 | Lair:1   | 7710 ||| Stepping ~*~*~tactically~*~*~ (outnumbered).
  7711 | Lair:1   | 7711 ||| Stepping ~*~*~tactically~*~*~ (outnumbered).
  7712 | Lair:1   | 7712 ||| Stepping ~*~*~tactically~*~*~ (outnumbered).
  7713 | Lair:1   | 7713 ||| Stepping ~*~*~tactically~*~*~ (outnumbered).
  7714 | Lair:1   | 7714 ||| Stepping ~*~*~tactically~*~*~ (outnumbered).
  7724 | Lair:1   | Reached XP level 11. HP: 101/105 MP: 11/11
  7778 | Lair:1   | 7778 ||| Stepping ~*~*~tactically~*~*~ (stealth).
  7779 | Lair:1   | 7779 ||| Stepping ~*~*~tactically~*~*~ (stealth).
  7784 | Lair:1   | 7784 ||| Stepping ~*~*~tactically~*~*~ (stealth).
  7787 | Lair:1   | 7787 ||| Stepping ~*~*~tactically~*~*~ (stealth).
  7788 | Lair:1   | 7788 ||| Stepping ~*~*~tactically~*~*~ (stealth).
  7789 | Lair:1   | 7789 ||| Stepping ~*~*~tactically~*~*~ (stealth).
  7825 | Lair:1   | 7825 ||| Stepping ~*~*~tactically~*~*~ (stealth).
  7827 | Lair:1   | 7827 ||| Stepping ~*~*~tactically~*~*~ (stealth).
  7829 | Lair:1   | 7829 ||| Stepping ~*~*~tactically~*~*~ (stealth).
  7832 | Lair:1   | 7832 ||| Stepping ~*~*~tactically~*~*~ (stealth).
  7834 | Lair:1   | 7834 ||| INVOKING Fiery Armour.
  7839 | Lair:1   | 7839 ||| Stepping ~*~*~tactically~*~*~ (outnumbered).
  7840 | Lair:1   | 7840 ||| Stepping ~*~*~tactically~*~*~ (outnumbered).
  7841 | Lair:1   | 7841 ||| Stepping ~*~*~tactically~*~*~ (outnumbered).
  7842 | Lair:1   | 7842 ||| Stepping ~*~*~tactically~*~*~ (outnumbered).
  7844 | Lair:1   | 7844 ||| Stepping ~*~*~tactically~*~*~ (outnumbered).
  7849 | Lair:1   | 7849 ||| DRINKING 4 potions of cancellation.
  7853 | Lair:1   | 7853 ||| Stepping ~*~*~tactically~*~*~ (outnumbered).
  7854 | Lair:1   | 7854 ||| DRINKING 3 potions of cancellation.
  7855 | Lair:1   | 7855 ||| Stepping ~*~*~tactically~*~*~ (outnumbered).
  7856 | Lair:1   | 7856 ||| Stepping ~*~*~tactically~*~*~ (outnumbered).
  7857 | Lair:1   | 7857 ||| Stepping ~*~*~tactically~*~*~ (outnumbered).
  7858 | Lair:1   | 7858 ||| Stepping ~*~*~tactically~*~*~ (outnumbered).
  7859 | Lair:1   | 7859 ||| Stepping ~*~*~tactically~*~*~ (outnumbered).
  7860 | Lair:1   | 7860 ||| Stepping ~*~*~tactically~*~*~ (outnumbered).
  7861 | Lair:1   | 7861 ||| Stepping ~*~*~tactically~*~*~ (outnumbered).
  7862 | Lair:1   | 7862 ||| Stepping ~*~*~tactically~*~*~ (outnumbered).
  7863 | Lair:1   | 7863 ||| Stepping ~*~*~tactically~*~*~ (outnumbered).
  7864 | Lair:1   | 7864 ||| Stepping ~*~*~tactically~*~*~ (outnumbered).
  7869 | Lair:1   | Reached skill level 15 in Unarmed Combat
  8021 | Lair:1   | 8021 ||| INVOKING Fiery Armour.
  8410 | Lair:1   | 8410 ||| READING scroll labelled LEHEAWK LUOG.
  8411 | Lair:1   | 8411 ||| READING scroll labelled HIJUOR BATUSA.
  8412 | Lair:1   | 8412 ||| READING 7 scrolls of identify.
  8412 | Lair:1   | 8412 ||| IDENTIFYING glowing coppery potion
  8413 | Lair:1   | 8413 ||| READING 6 scrolls of identify.
  8413 | Lair:1   | 8413 ||| IDENTIFYING inky potion
  8414 | Lair:1   | 8414 ||| DROPPING potion of attraction.
  8441 | Lair:2   | Found a hole to the Spider Nest.
  8571 | Lair:2   | Found a staircase to the Shoals.
  8576 | Lair:2   | HP: 13/105 [merfolk siren/+0 spear (18)]
  8577 | Lair:2   | 8577 ||| READING scroll of teleportation.
  8577 | Lair:2   | HP: 6/105 [merfolk/+2 trident of venom (4)]
  8578 | Lair:2   | 8578 ||| DRINKING potion of heal wounds.
  8580 | Lair:2   | Reached skill level 16 in Unarmed Combat
  8582 | Lair:2   | HP: 8/105 [poisoned by a merfolk]
  8587 | Lair:2   | HP: 8/105 [poisoned by a merfolk]
  8658 | Lair:2   | 8658 ||| Stepping ~*~*~tactically~*~*~ (stealth).
  8659 | Lair:2   | 8659 ||| Stepping ~*~*~tactically~*~*~ (stealth).
  8946 | Lair:2   | Noticed a four-headed hydra
  8949 | Lair:2   | 8949 ||| Stepping ~*~*~tactically~*~*~ (stealth).
  8957 | Lair:2   | Killed an eight-headed hydra
  8960 | Lair:2   | 8960 ||| FLEEEEING.
  8961 | Lair:2   | 8961 ||| FLEEEEING.
  8962 | Lair:2   | 8962 ||| FLEEEEING.
  8963 | Lair:2   | 8963 ||| FLEEEEING.
  8964 | Lair:2   | 8964 ||| FLEEEEING.
  8965 | Lair:2   | 8965 ||| FLEEEEING.
  8966 | Lair:2   | 8966 ||| FLEEEEING.
  8967 | Lair:2   | 8967 ||| FLEEEEING.
  8970 | Lair:2   | 8970 ||| FLEEEEING.
  8971 | Lair:2   | 8971 ||| FLEEEEING.
  8972 | Lair:2   | 8972 ||| FLEEEEING.
  8973 | Lair:2   | 8973 ||| FLEEEEING.
  8974 | Lair:2   | 8974 ||| FLEEEEING.
  8975 | Lair:2   | 8975 ||| FLEEEEING.
  8976 | Lair:2   | 8976 ||| FLEEEEING.
  8977 | Lair:2   | 8977 ||| FLEEEEING.
  8978 | Lair:2   | 8978 ||| FLEEEEING.
  8979 | Lair:2   | 8979 ||| FLEEEEING.
  8980 | Lair:2   | 8980 ||| FLEEEEING.
  8981 | Lair:2   | 8981 ||| FLEEEEING.
  8982 | Lair:2   | 8982 ||| FLEEEEING.
  8983 | Lair:2   | 8983 ||| FLEEEEING.
  8984 | Lair:2   | 8984 ||| FLEEEEING.
  8985 | Lair:2   | 8985 ||| FLEEEEING.
  9061 | Lair:2   | 9061 ||| Stepping ~*~*~tactically~*~*~ (outnumbered).
  9064 | Lair:2   | 9064 ||| Stepping ~*~*~tactically~*~*~ (outnumbered).
  9065 | Lair:2   | 9065 ||| Stepping ~*~*~tactically~*~*~ (outnumbered).
  9066 | Lair:2   | 9066 ||| Stepping ~*~*~tactically~*~*~ (outnumbered).
  9067 | Lair:2   | 9067 ||| Stepping ~*~*~tactically~*~*~ (outnumbered).
  9153 | Lair:2   | 9153 ||| PLANNING LAIR
  9438 | Lair:2   | 9438 ||| DROPPING amulet of magic regeneration.
  9439 | Lair:2   | 9439 ||| READING scroll labelled OVAXUO KUOMUIT.
  9439 | Lair:2   | Identified a scroll of acquirement
  9439 | Lair:2   | 9439 ||| ACQUIRING +4 skin of Zhor {*Englaciate rC+++ SInv}
  9439 | Lair:2   | Acquired the +4 skin of Zhor {*Englaciate rC+++ SInv}
  9439 | Lair:2   | Found the +4 skin of Zhor {*Englaciate rC+++ SInv}
  9441 | Lair:2   | 9441 ||| UPGRADING to +4 skin of Zhor {*Englaciate rC+++
                  | SInv}.
  9451 | Lair:2   | 9451 ||| UPGRADING to ring of fire.
  9469 | Lair:3   | Noticed Sonja
  9472 | Lair:3   | Reached XP level 12. HP: 118/118 MP: 12/12
  9478 | Lair:3   | 9478 ||| Stepping ~*~*~tactically~*~*~ (outnumbered).
  9479 | Lair:3   | 9479 ||| Stepping ~*~*~tactically~*~*~ (outnumbered).
  9480 | Lair:3   | 9480 ||| Stepping ~*~*~tactically~*~*~ (outnumbered).
  9489 | Lair:3   | HP: 25/118 [Sonja/+2 dagger of distortion (6)]
  9490 | Lair:3   | Slain by Sonja

Levels and vault maps discovered:
D:1:      eino_arrival_tree_alley, layout_rooms,
          hellmonk_ecumenical_altar_crossroads
D:2:      layout_basic, minmay_misc_feat_room, uniq_sigmund, uniq_terence
D:3:      minmay_door_path, layout_rooms, mainiacjoe_overflow_surrounded_room,
          cheibrodos_sewer_entry_drain, chequers_serial_rivers_micro_b,
          kennysheep_generic_room_4
D:4:      layout_gridville, lemuel_crystal_altar, glass_columns_b,
          kennysheep_pointless_box
D:5:      layout_basic, lemuel_crystal_altar, nicolae_uskayaw_dance_hall,
          serial_undead, serial_undead_c, serial_undead_d, serial_undead_e,
          serial_undead_a, chequers_big_river, hangedman_decor_clover_reticule
D:6:      gammafunk_wand_slinger, layout_cave_pools, minmay_temple_entry_glass,
          serial_shops, kennysheep_little_box, uniq_crazy_yiuf_cottage
D:7:      layout_layer_cave
D:8:      layout_cave_pools, grunt_dithmenos_shadows, uniq_gastronok
D:9:      layout_roguey, lightli_temple_of_fire, trog_butcher_becter,
          erik_lair_orcish_takeover, enter_bailey_4
D:10:     layout_loops_cross, lemuel_tele_altar,
          mainiacjoe_overflow_catch_the_wave, erik_orc_4,
          nicolae_trove_entry_diagonal, nrook_uturn
Lair:1:   layout_hall_layers
Lair:2:   layout_small_grid, elwin_shoals_entry_stream,
          spider_nest_entry_web_field
Lair:3:   layout_chaotic_city, gammafunk_lair_bear_cave, serial_bayou_shore_a,
          infiniplex_staircase_pool_2, uniq_urug, uniq_sonja

Skill      XL: |  1  2  3  4  5  6  7  8  9 10 11 |
---------------+----------------------------------+-----
Unarmed Combat | 4 6 8 9 10 12 14 16 | 16.2
Throwing       | 1 3 5 6 |  6.5
Fighting       | 3 4 5 6 7 |  7.2
Dodging        | 1 2 |  2.0
Spellcasting   | |  1.0
Fire Magic     | |  2.1

Action                   |  1- 3 |  4- 6 |  7- 9 | 10-12 || total
-------------------------+-------+-------+-------+-------++-------
Melee: Unarmed           |    88 |    93 |   225 |   226 ||   632
       Punch             |       |     1 |     9 |    10 ||    20
Throw: Javelin           |    13 |    30 |     9 |       ||    52
       Boomerang         |       |       |     6 |    24 ||    30
       Large rock        |       |       |    32 |    53 ||    85
Invok: Fiery Armour      |       |     1 |     7 |     5 ||    13
  Use: Scroll            |     3 |    10 |     8 |     6 ||    27
       Potion            |     3 |       |     3 |     3 ||     9
Armor: Robe              |    24 |    18 |    70 |    49 ||   161
       Animal skin       |       |       |       |     4 ||     4
Dodge: Dodged            |    40 |    27 |   124 |    86 ||   277

Table legend:
 A = Non-vault XP
 B = Vault XP
 C = Vault XP percentage of total XP
 D = Non-vault monster count
 E = Vault monster count
 F = Vault count percentage of total count
                 A         B        C        D         E       F
            +---------+---------+-------+---------+---------+-------
      Total |   19234 |    3147 |  14.1 |     222 |      51 |  18.7
            +---------+---------+-------+---------+---------+-------
        D:1 |      41 |       0 |   0.0 |      26 |       0 |   0.0
        D:2 |      66 |     263 |  79.9 |      19 |       2 |   9.5
        D:3 |      40 |      11 |  21.6 |      15 |       7 |  31.8
        D:4 |     586 |       0 |   0.0 |      30 |       0 |   0.0
        D:5 |     505 |     216 |  30.0 |      14 |       6 |  30.0
        D:6 |     756 |       0 |   0.0 |      14 |       0 |   0.0
        D:7 |     964 |       0 |   0.0 |      24 |       0 |   0.0
        D:8 |     533 |       0 |   0.0 |       3 |       0 |   0.0
        D:9 |    2148 |     590 |  21.5 |      17 |       8 |  32.0
       D:10 |     350 |     451 |  56.3 |       1 |      15 |  93.8
     Lair:1 |    8429 |       0 |   0.0 |      40 |       0 |   0.0
     Lair:2 |    3987 |    1547 |  28.0 |      14 |       4 |  22.2
     Lair:3 |     829 |       0 |   0.0 |       5 |       0 |   0.0
      Sewer |       0 |      69 | 100.0 |       0 |       9 | 100.0
            +---------+---------+-------+---------+---------+-------
